 Dungeon Crawl Stone Soup version 0.29.1-1-gd02db6906a (webtiles) character file.

Game seed: 5562385007576952248

2293 RogueRain17 the Destroyer (level 8, -4/57 HPs)
             Began as a Demigod Conjurer on Sept 23, 2022.
             Slain by a wyvern (19 damage)
             ... on level 7 of the Dungeon.
             The game lasted 00:23:50 (9353 turns).

RogueRain17 the Destroyer (Demigod Conjurer)        Turns: 9353, Time: 00:23:51

Health: -4/57      AC:  4    Str:  8    XL:     8   Next: 96%
Magic:  15/22      EV: 12    Int: 28    God:
Gold:   346        SH:  5    Dex: 12    Spells: 0/10 levels left

rFire   . . .      SeeInvis +   i - +3 war axe (vorpal)
rCold   . . .      Faith    .   (no shield)
rNeg    . . .      Spirit   .   u - +1 robe of the Verdant God {Harm *Corrode SInv Stlth+}
rPois   .          Reflect  +   (no helmet)
rElec   .          Harm     +   D - scarf {repulsion}
rCorr   .          Rampage  .   (no gloves)
Will    .....                   h - +0 pair of boots
Stlth   +++.......              y - amulet of reflection
HPRegen 0.19/turn               l - ring of see invisible
MPRegen 0.18/turn               t - ring of magical power

@: repel missiles
A: high MP 1, forlorn, divine attributes
a: no special abilities


You were on level 7 of the Dungeon.
You visited 2 branches of the dungeon, and saw 8 of its levels.

You collected 346 gold pieces.

Inventory:

Hand Weapons
 i - a +3 vorpal war axe (weapon)
Missiles
 d - 3 silver javelins
Armour
 h - a +0 pair of boots (worn)
 u - the +1 robe of the Verdant God (worn) {Harm *Corrode SInv Stlth+}
   (You found it on level 4 of the Dungeon)

   SInv:      It lets you see invisible.
   *Corrode:  It may corrode you when you take damage.
   Harm:      It increases damage dealt and taken.
   Stlth:     It makes you more stealthy.
 D - a scarf of repulsion (worn)
 F - a +1 robe of fire resistance
Jewellery
 l - a ring of see invisible (left hand)
 p - a ring of protection from cold
 t - a ring of magical power (right hand)
 y - an amulet of reflection (around neck)
Wands
 r - a wand of flame (34)
Scrolls
 a - a scroll of poison {unknown}
 c - 2 scrolls of enchant weapon
 e - 2 scrolls of teleportation
 k - 3 scrolls of amnesia
 q - a scroll of torment {unknown}
 v - 10 scrolls of identify {unknown}
 w - 3 scrolls of fog
 z - 2 scrolls of noise {unknown}
 A - a scroll of fear
 B - a scroll of magic mapping {unknown}
 C - a scroll of brand weapon {unknown}
 G - 2 scrolls of immolation {unknown}
Potions
 b - 2 potions of magic
 f - 2 potions of curing
 g - 3 potions of flight {unknown}
 j - 3 potions of resistance {unknown}
 m - a potion of haste {unknown}
 n - 2 potions of might {unknown}
 o - 4 potions of degeneration {unknown}
 s - 2 potions of mutation {unknown}
 x - a potion of heal wounds {unknown}
 E - a potion of brilliance {unknown}


   Skills:
 - Level 1.7 Dodging
 - Level 1.7 Stealth
 - Level 1.7 Spellcasting
 - Level 11.0 Conjurations
 + Level 4.2 Hexes


You couldn't memorise any spells.
You knew the following spells:

 Your Spells              Type           Power      Damage    Failure   Level
a - Magic Dart            Conj           100%       1d8       1%          1
b - Searing Ray           Conj           100%       2d8       1%          2
c - Dazzling Flash        Conj/Hex       90%        N/A       1%          3
d - Fulminant Prism       Conj/Hex       22%        3d13      4%          4

Your spell library contained the following spells:

 Spells                   Type           Power      Damage    Failure   Level
 Confusing Touch          Hex            26%        N/A       4%          3
 Iskenderun's Mystic Bla  Conj/Tloc      33%        2d8       10%         4
 Gell's Gravitas          Tloc           2%         N/A       28%         3
 Teleport Other           Tloc           2%         N/A       28%         3
 Yara's Violent Unravell  Hex/Tmut       7%         3d5       73%         5
 Lee's Rapid Deconstruct  Erth           1%         3d5*      95%         5
 Dispersal                Tloc           1%         N/A       100%        6
 Enfeeble                 Hex            13%        N/A       100%        7


Dungeon Overview and Level Annotations

Branches:
Dungeon (7/15)             Temple (1/1) D:5


Innate Abilities, Weirdness & Mutations

You have an increased reservoir of magic. (+10% MP)
You shall have no god before yourself.
Your divine heritage dramatically boosts your attributes as you level up.


Message History

The magic dart hits the white imp.
The white imp is severely wounded.
The white imp shouts, "Slither hence, thou currish base-court snake-molt!"
The magic dart hits the white imp.
You kill the white imp!
Found a stone staircase leading down.
n - 2 emerald potions (gained 1)
A wyvern comes into view.
Found a ring mail.
A wyvern is nearby!
The magic dart hits the wyvern.
The wyvern is lightly wounded.
The wyvern hisses angrily.
The magic dart hits the wyvern.
The wyvern is lightly wounded.
The magic dart hits the wyvern.
The wyvern is moderately wounded.
Casting: Magic Dart (safe; 1% risk of failure)
Confirm with . or Enter, or press ? or * to list all spells.
Aiming: Searing Ray (safe; 1% risk of failure)
Press: ? - help, Shift-Dir - straight line, f/p - wyvern
Aim: a wyvern (moderately wounded, 83% to hit)
The searing ray hits the wyvern!
The wyvern is severely wounded. (Press . to maintain the ray.)
The searing ray hits the wyvern but does no damage.
The wyvern is severely wounded.
The wyvern bites you! The wyvern bites you.
The searing ray hits the wyvern.
The wyvern is almost dead.
The wyvern bites you!!
* * * LOW HITPOINT WARNING * * *
Aiming: Magic Dart (safe; 1% risk of failure)
Press: ? - help, Q - select action, (/) - cycle Shift-Dir - straight line, f/p - wyvern
Aim: a wyvern (almost dead, 100% to hit)
The magic dart hits the wyvern but does no damage.
The wyvern is almost dead.
The wyvern bites you but does no damage.
The wyvern bites you!
You die...

##################
................@#
.......#########l#
######.# [..# #
###.# ......
####...# ##...#.#
..##.### # ##.##.#
..##.####.# #.# #
........#.####...#
..##...........


You could see a wyvern.

Vanquished Creatures
  Grinder (D:5)
  Menkaure (D:6)
  2 steam dragons
  Duvessa (D:6)
  An ice beast (D:7)
  An orc warrior (D:6)
  An ogre (D:5)
  A phantom (D:7)
  A kobold brigand (D:7)
  4 bullfrogs
  3 scorpions (D:5)
  Dowan (D:6)
  3 jellies
  A gnoll bouda (D:4)
  2 orc priests
  2 hounds
  Natasha (thrice) (D:3)
  3 iguanas (D:6)
  2 orc wizards
  Robin (D:3)
  2 gnolls (D:4)
  10 adders
  4 white imps
  3 ufetubi
  4 worms
  A dart slug (D:1)
  10 orcs
  14 ball pythons
  7 bats
  4 endoplasms
  4 giant cockroaches (D:1)
  11 goblins
  14 hobgoblins
  3 jackals (D:1)
  5 quokkas
  A frilled lizard (D:1)
  9 kobolds
  4 rats
145 creatures vanquished.

Vanquished Creatures (others)
  3 fungi (D:1)
  7 plants (D:1)
10 creatures vanquished.

Grand Total: 155 creatures vanquished

Notes
Turn   | Place    | Note
-------+----------+-------------------------------------------
     0 | D:1      | RogueRain17 the Demigod Conjurer began the quest for the
                  | Orb.
     0 | D:1      | Reached XP level 1. HP: 14/14 MP: 5/5
     6 | D:1      | Noticed an electric eel
    51 | D:1      | Reached skill level 4 in Conjurations
   203 | D:1      | Reached XP level 2. HP: 20/20 MP: 4/7
   841 | D:1      | Reached XP level 3. HP: 26/26 MP: 4/8
  1531 | D:2      | Learned a level 2 spell: Searing Ray
  1547 | D:2      | Reached skill level 5 in Conjurations
  1799 | D:2      | Reached XP level 4. HP: 16/33 MP: 2/9
  2463 | D:3      | Noticed Natasha
  2471 | D:3      | Killed Natasha
  2568 | D:3      | Noticed Natasha
  2582 | D:3      | Killed Natasha
  2583 | D:3      | Reached skill level 6 in Conjurations
  2583 | D:3      | Reached XP level 5. HP: 24/38 MP: 3/10
  2814 | D:3      | Noticed Natasha
  2829 | D:3      | Killed Natasha
  3451 | D:3      | Noticed Robin
  3548 | D:3      | Killed Robin
  4553 | D:4      | Reached XP level 6. HP: 45/45 MP: 6/11
  4655 | D:4      | Reached skill level 7 in Conjurations
  4730 | D:4      | Identified the +1 robe of the Verdant God {Harm *Corrode
                  | SInv Stlth+}
  5034 | D:4      | Identified the +1 hand axe of Japywn {antimagic, Fly rF+
                  | Str-3 SInv}
  5171 | D:5      | Entered Level 5 of the Dungeon
  5505 | D:5      | Noticed Grinder
  5520 | D:5      | Killed Grinder
  5521 | D:5      | Reached skill level 8 in Conjurations
  5521 | D:5      | Reached XP level 7. HP: 48/50 MP: 12/12
  5661 | D:5      | Noticed a steam dragon
  5667 | D:5      | Learned a level 3 spell: Dazzling Flash
  5800 | D:5      | Killed a steam dragon
  5882 | D:5      | Reached skill level 9 in Conjurations
  6517 | D:5      | Found a staircase to the Ecumenical Temple.
  6532 | Temple   | Entered the Ecumenical Temple
  6813 | D:6      | Reached XP level 8. HP: 57/57 MP: 13/13
  6817 | D:6      | Reached skill level 10 in Conjurations
  7531 | D:6      | Noticed Menkaure
  7541 | D:6      | Killed Menkaure
  7809 | D:6      | Noticed Duvessa
  7827 | D:6      | Killed Duvessa
  7832 | D:6      | Noticed Dowan
  7840 | D:6      | Killed Dowan
  8402 | D:6      | Learned a level 4 spell: Fulminant Prism
  8462 | D:7      | Reached skill level 11 in Conjurations
  8462 | D:7      | Reached skill level 1 in Hexes
  9353 | D:7      | Slain by a wyvern

Illustrated notes

Levels and vault maps discovered:
D:1:      arrival_aquarium_a, layout_rooms,
          shapermc_ecumenical_altar_mp_ritualfount
D:2:      layout_basic, chequers_mini_garden
D:3:      layout_basic, mainiacjoe_overflow_chevrons, serial_aquarium,
          aquarium_bridge_square [aquarium_subvault_window,
          aquarium_subvault_window, aquarium_subvault_bridge,
          aquarium_subvault_balcony], aquarium_window_1, aquarium_window_2,
          aquarium_view_2f, aquarium_balcony_double_2, aquarium_pool_corner,
          uniq_robin, uniq_natasha
D:4:      layout_basic, minmay_misc_feat_columns
D:5:      layout_basic, temple_green, uniq_grinder
D:6:      layout_layer_cave, uniq_menkaure, uniq_duvessa
D:7:      layout_loops_ring, nicolae_overflow_hallway_of_the_gods, st_stairs_2,
          hangedman_decor_slide_cut, roderic_cross_of_infinity
Temple:   nicolae_temple_god_jail

Skill      XL: |  1  2  3  4  5  6  7  8 |
---------------+-------------------------+-----
Conjurations   | 4 5 6 8 9 11 | 11.0
Hexes          | 4 |  4.2
Dodging        | |  1.7
Stealth        | |  1.7
Spellcasting   | |  1.7

Action                   |  1- 3 |  4- 6 |  7- 9 || total
-------------------------+-------+-------+-------++-------
Melee: Unarmed           |    23 |       |       ||    23
       War axe           |       |     2 |       ||     2
 Cast: Magic Dart        |    87 |   104 |   135 ||   326
       Searing Ray       |     1 |    10 |    19 ||    30
  Use: Scroll            |       |     6 |       ||     6
       Potion            |       |     1 |       ||     1
Armor: Robe              |     9 |     4 |     7 ||    20
Dodge: Dodged            |    30 |    13 |    17 ||    60
Block: Other             |       |       |    17 ||    17
       Reflection        |       |       |     1 ||     1
